 Dungeon Crawl Stone Soup version 0.26.1-11-gd32895ea62 (webtiles) character file.

Game seed: 7269995864127296051

420 raph the Slasher (level 6, -3/49 HPs)
             Began as a Draconian Warper on May 22, 2021.
             Was an Initiate of Okawaru.
             Killed by nerve-wracking pain
             ... invoked by an orc priest
              (11 damage)
             ... on level 5 of the Dungeon.
             The game lasted 00:06:55 (4628 turns).

raph the Slasher (Draconian Warper)                 Turns: 4628, Time: 00:06:56

Health: -3/49      AC:  9    Str: 13    XL:     6   Next: 62%
Magic:  11/11      EV: 12    Int: 13    God:    Okawaru [......]
Gold:   179        SH:  0    Dex: 13    Spells: 1/12 levels left

rFire    . . .     SeeInvis .   a - +2 falchion
rCold    . . .     Faith    .   (no shield)
rNeg     . . .     Spirit   .   (armour unavailable)
rPois    .         Reflect  .   (helmet restricted)
rElec    .         Harm     .   q - +0 cloak
rCorr    .         Rampage  .   k - +0 pair of gloves
Will     .....                  h - +0 pair of boots {Stlth+}
Stlth    ++........             (no amulet)
HPRegen  0.16/turn              n - ring of flight
MPRegen  0.12/turn              (no ring)

@: no status effects
A: unfitting armour, cold-blooded, AC +6
a: Renounce Religion, Evoke Flight


You were on level 5 of the Dungeon.
You worshipped Okawaru.
Okawaru was noncommittal.
You visited 2 branches of the dungeon, and saw 6 of its levels.

You collected 179 gold pieces.

Inventory:

Hand Weapons
 a - a +2 falchion (weapon)
Missiles
 d - 5 boomerangs of dispersal
 l - 14 poisoned darts (quivered)
Armour
 h - a +0 pair of boots of stealth (worn)
 k - a +0 pair of gloves (worn)
 q - a +0 cloak (worn)
 u - a +2 pair of boots
Jewellery
 n - a ring of flight (left hand)
Scrolls
 c - 3 scrolls of blinking
 j - a scroll of fog
 m - 7 scrolls of remove curse
 s - 3 scrolls of identify
 t - 3 scrolls of teleportation
Potions
 b - 2 potions of curing
 e - a potion of haste
 f - a potion of degeneration {unknown}
 g - 3 potions of flight
 i - 4 potions of heal wounds {unknown}
 o - 2 potions of mutation {unknown}
 p - a potion of lignification {unknown}
 r - a potion of invisibility {unknown}


   Skills:
 - Level 2.3 Fighting
 * Level 5.1 Long Blades
 - Level 1.0 Throwing
 - Level 2.2 Dodging
 + Level 3.6 Spellcasting
 + Level 4.4 Translocations


You had one spell level left.
You knew the following spells:

 Your Spells              Type           Power        Failure   Level
a - Blink                 Tloc           N/A          5%          2
b - Gell's Gravitas       Tloc           6%           11%         3
c - Lesser Beckoning      Tloc           6%           11%         3
d - Teleport Other        Tloc           13%          11%         3

Your spell library contained the following spells:

 Spells                   Type           Power        Failure   Level
 Passage of Golubria      Tloc           N/A          34%         4


Dungeon Overview and Level Annotations

Branches:
Dungeon (5/15)             Temple (1/1) D:5

Altars:
Ashenzari
Cheibriados
Dithmenos
Elyvilon
Fedhas
Hepliaklqana
Makhleb
Nemelex Xobeh
Okawaru
Ru
Sif Muna
Trog
Uskayaw
Vehumet
Wu Jian
Yredelemnul
Zin
The Shining One


Innate Abilities, Weirdness & Mutations

Your plain brown scales are hard. (AC +6)
You cannot fit into any form of body armour.
You are cold-blooded and may be slowed by cold attacks.


Message History

The orc priest barely misses you.
You riposte.
You hit the orc priest.
The orc priest is heavily wounded.
The orc priest calls upon Beogh to heal the orc priest.
The orc priest is healed somewhat.
You hit the orc priest but do no damage.
You tail-slap the orc priest.
The orc priest is heavily wounded.
The orc priest closely misses you.
The orc priest hits you with a +0 hand axe.
You hit the orc priest.
The orc priest is heavily wounded.
The orc priest mumbles some strange prayers to Beogh against you.
Beogh smites you!
* * * LOW HITPOINT WARNING * * *
The orc priest closely misses you. The orc priest hits you.
* * * LOW HITPOINT WARNING * * *
The orc priest hits you but does no damage.
The orc priest calls down the wrath of Beogh upon you.
Pain shoots through your body!
You die...

####### #####.....#
##.....###'###
##......#.....#
#.......#.⌠.⌠o###
#.......'÷.@.oo.#
#####.......#.⌠.⌠.#.......
#...........#.....###.....
####........###+### ....
..............#.#####. ...
####..........#....... ..
#.................. .
#####..................
.......................


You could see 2 orc priests and an orc.

Vanquished Creatures
  A bullfrog (D:4)
  A jelly (D:3)
  A hound (D:4)
  An iguana (D:4)
  2 orc wizards (D:4)
  3 worker ants
  A hound skeleton (D:4)
  3 adders (D:3)
  An ooze (D:2)
  An adder zombie (D:5)
  2 worms (D:4)
  2 dart slugs
  2 leopard geckos
  11 orcs
  2 ball pythons (D:3)
  4 giant cockroaches
  11 goblins
  9 hobgoblins
  3 jackals (D:5)
  5 quokkas
  7 bats
  4 frilled lizards
  A jackal zombie (D:5)
  6 kobolds
  3 rats
87 creatures vanquished.

Notes
Turn   | Place    | Note
-------+----------+-------------------------------------------
     0 | D:1      | raph the Draconian Warper began the quest for the Orb.
     0 | D:1      | Reached XP level 1. HP: 17/17 MP: 3/3
    63 | D:1      | Reached skill level 1 in Throwing
   254 | D:1      | Reached XP level 2. HP: 23/25 MP: 5/5
   257 | D:1      | Learned a level 2 spell: Blink
  1027 | D:2      | Reached XP level 3. HP: 28/30 MP: 6/6
  1385 | D:2      | Reached skill level 3 in Long Blades
  1828 | D:3      | Reached XP level 4. HP: 23/37 MP: 7/7
  2447 | D:3      | Reached XP level 5. HP: 42/42 MP: 9/9
  2836 | D:4      | Reached skill level 4 in Long Blades
  2988 | D:4      | Learned a level 3 spell: Gell's Gravitas
  2992 | D:4      | Learned a level 3 spell: Lesser Beckoning
  3120 | D:4      | Reached XP level 6. HP: 31/49 MP: 9/11
  3417 | D:4      | Learned a level 3 spell: Teleport Other
  3759 | D:4      | Reached skill level 5 in Long Blades
  4174 | D:5      | Entered Level 5 of the Dungeon
  4275 | D:5      | Found a staircase to the Ecumenical Temple.
  4334 | Temple   | Entered the Ecumenical Temple
  4382 | Temple   | Became a worshipper of Warmaster Okawaru
  4628 | D:5      | Killed from afar by an orc priest

Illustrated notes

Levels and vault maps discovered:
D:1:      lightli_arrival_farm, layout_basic
D:2:      layout_loops_ring, chequers_jeans
D:3:      layout_basic
D:4:      layout_basic
D:5:      layout_rooms, nicolae_gozag_cash_rules_everything_around_me,
          kennysheep_mini, minmay_temple_entry_hall, serial_shops,
          shop_fountains
Temple:   dpeg_five_rooms_temple

Skill      XL: |  1  2  3  4  5  6 |
---------------+-------------------+-----
Throwing       | 1 |  1.0
Long Blades    | 3 4 5 |  5.1
Spellcasting   | 3 |  3.6
Translocations | 4 |  4.4
Fighting       | |  2.3
Dodging        | |  2.2

Action                   |  1- 3 |  4- 6 || total
-------------------------+-------+-------++-------
Melee: Falchion          |   128 |   139 ||   267
       Tailslap          |    15 |    14 ||    29
Throw: Dart              |       |     3 ||     3
  Use: Scroll            |     8 |     4 ||    12
 Stab: Sleeping          |     1 |     3 ||     4
Armor: Skin              |    54 |    45 ||    99
Dodge: Dodged            |    97 |    59 ||   156
       Rpst.: Falchion   |    24 |    19 ||    43
